 Dungeon Crawl Stone Soup version 0.24.0-1-gfbc8707 (webtiles) character file.

Game seed: 4488669365212845775, levelgen mode: deterministic

41 Faca the Poker (level 3, -12/29 HPs)
             Began as a Merfolk Gladiator on Nov 1, 2019.
             Killed by nerve-wracking pain
             ... invoked by an orc priest
              (14 damage)
             ... on level 3 of the Dungeon.
             The game lasted 00:01:51 (850 turns).

Faca the Poker (Merfolk Gladiator)                   Turns: 850, Time: 00:01:51

Health: -12/29     AC:  4    Str: 15    XL:     3   Next: 52%
Magic:  3/3        EV: 14    Int:  7    God:
Gold:   77         SH:  0    Dex: 15    Spells: 2/2 levels left

rFire    . . .     SeeInvis .   a - +0 trident
rCold    . . .     Gourm    .   (no shield)
rNeg     . . .     Faith    .   b - +0 leather armour
rPois    .         Spirit   .   c - +0 helmet
rElec    .         Reflect  .   (no cloak)
rCorr    .         Harm     .   (no gloves)
MR       .....                  (no boots)
Stlth    +.........             (no amulet)
HPRegen  0.09/turn              (no ring)
MPRegen  0.08/turn              (no ring)

@: no status effects
A: change form in water, swift swim, stealthy swim
a: no special abilities


You were on level 3 of the Dungeon.
You were not hungry.

You visited 1 branch of the dungeon, and saw 3 of its levels.

You collected 77 gold pieces.

Inventory:

Hand Weapons
 a - a +0 trident (weapon)
Missiles
 d - 3 throwing nets
 e - 6 boomerangs (quivered)
Armour
 b - a +0 leather armour (worn)
 c - a +0 helmet (worn)
Scrolls
 g - 2 scrolls of identify {unknown}
Potions
 h - a potion of cancellation {unknown}
 i - a potion of lignification {unknown}
 j - a potion of curing {unknown}
Comestibles
 f - 2 rations


   Skills:
 + Level 3.3 Fighting
 + Level 5.5 Polearms
 - Level 2.0 Throwing
 - Level 4.0 Dodging


You had 2 spell levels left.
You didn't know any spells.
Your spell library was empty.

Dungeon Overview and Level Annotations

Branches:
Dungeon (2/15)

Altars:


Message History

Something hits you but does no damage. The giant cockroach bites you.
The hobgoblin shouts!
You hit something but do no damage. Something hits you.
The giant cockroach barely misses you.
You miss something.
The giant cockroach bites you but does no damage.
Something hits you.
You miss something. The giant cockroach misses you.
You miss something. The giant cockroach barely misses you.
The hobgoblin closely misses you. Something barely misses you.
The giant cockroach bites you.
* * * LOW HITPOINT WARNING * * *
You hit something. The hobgoblin closely misses you.
Something barely misses you. The giant cockroach bites you.
* * * LOW HITPOINT WARNING * * *
You barely miss something. The hobgoblin hits you with a +0 club.
* * * LOW HITPOINT WARNING * * *
You hear something mumble some strange prayers to Beogh against you.
Pain shoots through your body!
You die...

#. .#.. #. ...
#.# .. ##.##.#
.....## .
#.....##.. ..
#{sg......
.(#####.@...#..#
....#..)......#
#.........###
#..#......(..##
# #..........#
##.........#
#.........#
..............#.
.#.#...(..#####.


You could see a giant cockroach and a hobgoblin.

Vanquished Creatures
  A worm (D:2)
  A dart slug (D:2)
  A leopard gecko (D:1)
  3 orcs (D:3)
  5 bats
  A giant cockroach (D:2)
  2 hobgoblins (D:1)
  2 jackals (D:1)
  2 quokkas (D:2)
  A ball python (D:1)
  5 goblins
  4 kobolds
  A rat (D:1)
29 creatures vanquished.

Notes
Turn   | Place    | Note
-------+----------+-------------------------------------------
     0 | D:1      | Faca the Merfolk Gladiator began the quest for the Orb.
     0 | D:1      | Reached XP level 1. HP: 16/16 MP: 1/1
     2 | D:1      | Noticed a spriggan
     2 | D:1      | Noticed a formicid
     4 | D:1      | Noticed an ogre
     6 | D:1      | Noticed a demonspawn
     8 | D:1      | Noticed a demigod
    10 | D:1      | Noticed a troll
    12 | D:1      | Noticed a vine stalker
    12 | D:1      | Noticed a naga
    14 | D:1      | Noticed a vampire
    14 | D:1      | Noticed a dwarf
    16 | D:1      | Noticed a ghoul
    16 | D:1      | Noticed a gargoyle
    18 | D:1      | Noticed an elf
    18 | D:1      | Noticed a merfolk
    20 | D:1      | Noticed a centaur
    20 | D:1      | Noticed a felid
    22 | D:1      | Noticed a tengu
    22 | D:1      | Noticed a minotaur
    24 | D:1      | Noticed a human
    24 | D:1      | Noticed a draconian
    26 | D:1      | Noticed an octopode
    26 | D:1      | Noticed a halfling
   152 | D:1      | Reached XP level 2. HP: 23/23 MP: 2/2
   222 | D:1      | Reached skill level 5 in Polearms
   505 | D:2      | Reached XP level 3. HP: 29/29 MP: 3/3
   824 | D:2      | You fall into a shaft and drop 1 floor!
   850 | D:3      | Killed from afar by an orc priest

Levels and vault maps discovered:
D:1:      kb_arrival_jail, layout_rooms
D:2:      layout_basic, hangedman_decor_lopped, hex_tiny
D:3:      layout_rooms, serial_co_window_serial, co_window_of_opportunity_a,
          co_window_corner_a, co_window_corner_a, co_window_paths_a,
          co_window_cross_1, co_window_broadway_c, co_window_corner_ca,
          co_window_corner_ca, co_window_unsneaky_path_b,
          co_window_of_opportunity_b, co_window_paths_d, glass_columns_c,
          palyth_stone_intersect, uniq_sigmund, uniq_natasha

Skill      XL: |  1  2 |
---------------+-------+-----
Polearms       | 5 |  5.5
Fighting       | 3 |  3.3
Throwing       | |  2.0
Dodging        | |  4.0

Action                   || total
-------------------------++-------
Melee: Trident           ||    86
 Stab: Sleeping          ||     1
Armor: Leather armour    ||    20
Dodge: Dodged            ||    55
